 Dungeon Crawl Stone Soup version 0.31.0-11-ge490571c62 (webtiles) character file.

Game seed: 15961486987305083864

25 Arctor the Firebug (level 2, 0/15 HPs)
             Began as a Deep Elf Fire Elementalist on Feb 2, 2024.
             Succumbed to an adder's poison
             ... on level 2 of the Dungeon.
             The game lasted 00:00:50 (981 turns).

Arctor the Firebug (Deep Elf Fire Elementalist)      Turns: 981, Time: 00:00:51

Health: 0/15       AC:  2    Str:  5    XL:     2   Next: 82%
Magic:  3/8        EV: 13    Int: 19    God:
Gold:   21         SH:  0    Dex: 15    Spells: 6/7 levels left

rFire   . . .        (no weapon)
rCold   . . .        (no shield)
rNeg    . . .        a - +0 robe
rPois   .            (no helmet)
rElec   .            (no cloak)
rCorr   .            (no gloves)
SInv    .            (no boots)
Will    .....        (no amulet)
Stlth   ++           (no ring)
HPRegen 0.22/turn    (no ring)
MPRegen 0.11/turn

%: no passive effects
@: lethally poisoned (0 -> -4)
A: no striking features
a: no special abilities


You were on level 2 of the Dungeon.
You visited 1 branch of the dungeon, and saw 3 of its levels.

You collected 21 gold pieces.

Inventory:

Armour
 a - a +0 robe (worn)
Scrolls
 e - a scroll of identify {unknown}
 f - a scroll of noise {unknown}
 g - a scroll of revelation {unknown}
Potions
 b - a potion of magic
 c - a potion of curing {unknown}
 d - a potion of cancellation {unknown}


   Skills:
 + Level 2.8 Dodging
 + Level 2.9 Stealth
 + Level 3.4 Spellcasting
 + Level 1.6 Conjurations
 + Level 3.5 Fire Magic


You had 6 spell levels left.
You knew the following spells:

 Your Spells              Type           Power      Damage    Failure   Level
a - Foxfire               Conj/Fire      52%        2x1d6     4%          1

Your spell library contained the following spells:

 Spells                   Type           Power      Damage    Failure   Level
 Scorch                   Fire           32%        2d6       4%          2
 Inner Flame              Hex/Fire       10%        N/A       22%         3
 Volatile Blastmotes      Fire/Tloc      20%        2d11      22%         3
 Flame Wave               Conj/Fire      13%        2d6       45%         4


Dungeon Overview and Level Annotations

Branches:
Dungeon (3/15)

Altars:


Message History

An adder is nearby!
There is not enough space to conjure foxfire!
An adder is nearby!
There is not enough space to conjure foxfire!
An adder is nearby!
Your foxfire dissipates!
The foxfire hits the adder but does no damage.
A frilled lizard comes into view.
You conjure some foxfire!
The foxfire hits the adder.
The adder is moderately wounded.
The adder bites you.
You conjure some foxfire!
The adder barely misses you. The adder bites you.
You conjure some foxfire!
The adder bites you but does no damage.
There is not enough space to conjure foxfire!
The adder barely misses you. x2
The adder barely misses you.
Your foxfire dissipates!
The foxfire hits the adder.
The adder is severely wounded.
The adder attacks as it pursues you! The adder bites you.
You are poisoned.
The adder poisons you!
You feel sick. The adder closely misses you.
Casting: Foxfire (safe; 4% risk of failure)
Confirm with . or Enter, or press ? or * to list all spells.
You conjure some foxfire!
You feel sick.
The foxfire hits the frilled lizard.
You kill the frilled lizard!
The adder misses you.
Your foxfire dissipates!
You feel sick. The adder attacks as it pursues you! The adder bites you.
* * * LOW HITPOINT WARNING * * *
Unknown command.
* * * LOW HITPOINT WARNING * * *
You feel sick. The adder attacks as it pursues you! The adder bites you.
* * * LOW HITPOINT WARNING * * *
You are more poisoned.
The adder poisons you!
You die...

#.# #.# #.#
#######.#
........#
..#####.# #S#
#.###### #.@....#
#..###.# #..# #.#
##.###.## #
#.....#..
###.###.# #.###.#
# #.##..#
#.########.#^..##


You could see an adder.

Vanquished Creatures
  A ball python (D:1)
  A bat (D:2)
  An endoplasm (D:1)
  2 goblins
  4 hobgoblins
  3 jackals (D:2)
  3 quokkas
  2 frilled lizards
  2 kobolds (D:1)
  2 rats
21 creatures vanquished.

Vanquished Creatures (others)
  108 foxfires
108 creatures vanquished.

Grand Total: 129 creatures vanquished

Notes
Turn   | Place    | Note
-------+----------+-------------------------------------------
     0 | D:1      | Arctor the Deep Elf Fire Elementalist began the quest for
                  | the Orb.
     0 | D:1      | Reached XP level 1. HP: 10/10 MP: 6/6
   268 | D:1      | Reached XP level 2. HP: 15/15 MP: 1/8
   313 | D:1      | You fall into a shaft and drop 1 floor!
   981 | D:2      | Succumbed to an adder's poison

Illustrated notes

Levels and vault maps discovered:
D:1:      wheals_arrival_shading, layout_rooms
D:2:      layout_loops_ring
D:3:      layout_basic, mainiacjoe_overflow_concentric_impassable,
          gammafunk_ghost_icy, minmay_misc_feat_nine_boxes,
          palyth_stone_intersect, corner_web_ring, uniq_natasha

Action                     || total
---------------------------++-------
  Melee: Unarmed           ||    15
   Cast: Foxfire           ||    73
 Armour: Robe              ||    22
  Dodge: Dodged            ||    29
